[Event "*** Titled Tuesday Blitz"]
[Site "Chess.com"]
[Date "2020.10.27"]
[Round "10"]
[White "Rytenko_V"]
[Black "infinitegiantkiller"]
[Result "1/2-1/2"]
[WhiteElo "2533"]
[BlackElo "2441"]
[TimeControl "180+1"]
[EndTime "11:55:29 PDT"]
[Termination "Game drawn by repetition"]

1. d4 e6 2. Nf3 d5 3. Bg5 Nf6 4. e3 Be7 5. Bd3 O-O 6. O-O b6 7. Nbd2 Bb7 8. c3 Nbd7 9. Qe2 c5 10. Rad1 Rc8 11. Rfe1 Ne4 12. Bxe7 Qxe7 13. h3 f5 14. Nf1 c4 15. Bb1 a6 16. N3d2 b5 17. f3 Nxd2 18. Nxd2 e5 19. e4 fxe4 20. fxe4 exd4 21. cxd4 dxe4 22. Bxe4 Bxe4 23. Qxe4 Qxe4 24. Rxe4 Nf6 25. Re6 a5 26. Re5 Rfd8 27. Nf3 Rd5 28. a3 b4 29. axb4 axb4 30. Rc1 c3 31. bxc3 bxc3 32. Rc2 Rxe5 33.
Nxe5 Nd5 34. Nd3 Ne3 35. Re2 Nf5 36. d5 Nd4 37. Re1 c2 38. Kf2 Nb3 39. Nc1 Nxc1 40.
Rxc1 Kf7 41. Ke2 Kf6 42. Kd2 Ke5 43. Rxc2 Rxc2+ 44. Kxc2 Kxd5 45. Kd3 Ke5 46. Ke3 g5 47.
Kf3 h5 48. g4 h4 49. Ke3 Kd5 50. Kd3 Ke5 51. Ke3 Kd5 52. Kd3 Ke5 53. Ke3 1/2-1/2

[Event "*** Titled Tuesday Blitz"]
[Site "Chess.com"]
[Date "2020.10.27"]
[Round "10"]
[White "teacher4chess"]
[Black "anon569"]
[Result "1-0"]
[WhiteElo "2079"]
[BlackElo "2229"]
[TimeControl "180+1"]
[EndTime "11:55:29 PDT"]
[Termination "teacher4chess won by resignation"]

1. d4 Nf6 2. Nf3 e6 3. c4 Bb4+ 4. Bd2 c5 5. a3 Bxd2+ 6. Nbxd2 cxd4 7. Nxd4 d5 8. e3 O-O 9. Rc1 Nc6 10. Nxc6 bxc6 11.
cxd5 cxd5 12. Bd3 Rb8 13. Qc2 Qb6 14. b4 Bd7 15. O-O Rfc8 16. Qb2 Bb5 17. Bxb5 Qxb5 18. Nb3 Ne4 19. Nd4 Qb6 20. Rxc8+ Rxc8 21. Rc1 Qb7 22.
Rxc8+ Qxc8 23. Qc2 Qa6 24. b5 Qb7 25. Qc6 Qb8 26. a4 g6 27. f3 Nd6 28. Qd7 Nc4 29.
Nc6 Qb6 30. Qxa7 Qxe3+ 31. Qxe3 Nxe3 32. b6 1-0

[Event "*** Titled Tuesday Blitz"]
[Site "Chess.com"]
[Date "2020.10.27"]
[Round "10"]
[White "Brave_spirit12"]
[Black "QuintilianoR"]
[Result "0-1"]
[WhiteElo "2497"]
[BlackElo "2657"]
[TimeControl "180+1"]
[EndTime "11:55:31 PDT"]
[Termination "QuintilianoR won by checkmate"]

1. e4 c5 2. c3 Nf6 3. e5 Nd5 4. d4 cxd4 5. Nf3 e6 6. Qxd4 Nc6 7. Qe4 f5 8. exf6 Nxf6 9. Qh4 d5 10. Bd3 Bd6 11.
Bg6+ Kd7 12. Bc2 Kc7 13. Bg5 e5 14. Na3 a6 15. Rd1 Be6 16. O-O h6 17. Be3 g5 18.
Qa4 b5 19. Qb3 Na5 20. Nxb5+ axb5 21. Qxb5 Nc4 22. Bb3 Bd7 23. Bb6+ Nxb6 24. Qe2 Qe7 25. c4 e4 26. Nd4 Qe5 27. g3 Bc5 28. Nf3 Bg4 29.
cxd5 Bxf3 30. Qc2 Kd6 31. Rc1 Rhc8 32. Qd2 e3 33. Qd3 exf2+ 34. Rxf2 Bxf2+ 35. Kxf2 Rxc1 36. Kxf3 Rf8 37. Qb5 Qe4+ 38. Kf2 Ng4# 0-1

[Event "*** Titled Tuesday Blitz"]
[Site "Chess.com"]
[Date "2020.10.27"]
[Round "10"]
[White "Nemsko"]
[Black "paulrusan"]
[Result "1-0"]
[WhiteElo "2335"]
[BlackElo "2217"]
[TimeControl "180+1"]
[EndTime "11:55:31 PDT"]
[Termination "Nemsko won on time"]

1. e4 g6 2. d4 Bg7 3. Nc3 d6 4. Be3 a6 5. Qd2 b5 6. O-O-O Bb7 7. Bd3 Nd7 8. h4 h5 9. f3 c5 10. dxc5 Nxc5 11. Kb1 Rc8 12. Nge2 Nf6 13. Nd4 O-O 14. Bh6 b4 15. Nce2 a5 16. Bxg7 Kxg7 17. Qg5 Kh7 18. g4 Nxd3 19. cxd3 Rc5 20. Qe3 a4 21. g5 Nd7 22. f4 Qc7 23. Rc1 Rc8 24. f5 Ne5 25. fxg6+ fxg6 26. Ne6 Rxc1+ 27. Rxc1 Qa5 28. d4 Rxc1+ 29.
Nxc1 Bc8 30. Nf8+ Kg7 31. dxe5 Qxe5 32. Nd3 Qh2 33. Qf3 Ba6 34. Ne6+ 1-0

[Event "*** Titled Tuesday Blitz"]
[Site "Chess.com"]
[Date "2020.10.27"]
[Round "10"]
[White "PavelChernomordik"]
[Black "shineatchess"]
[Result "1-0"]
[WhiteElo "2287"]
[BlackElo "2176"]
[TimeControl "180+1"]
[EndTime "11:55:31 PDT"]
[Termination "PavelChernomordik won on time"]

1. e4 Nf6 2. Nc3 d5 3. e5 Nfd7 4. f4 e6 5. Nf3 c5 6. g3 Nc6 7.
Bg2 h5 8. O-O Nd4 9. d3 h4 10.
Nxh4 Rxh4 11. gxh4 Qxh4 12. Be3 Nf5 13. Bd2 Be7 14. Qe1 Qh7 15. Nb5 Kd8 16. c4 d4 17.
Ba5+ Nb6 18. Nxa7 Ne3 19. Bxb6+ Kd7 20. Be4 Qh6 21. Rf3 f5 22. exf6 Bxf6 23. Bxc5 Ke8 24. Rxe3 dxe3 25. Bxe3 Kf7 26. Qg3 Qh5 27. Bf3 Qa5 28.
Nb5 Bxb2 29. Rf1 1-0

[Event "*** Titled Tuesday Blitz"]
[Site "Chess.com"]
[Date "2020.10.27"]
[Round "10"]
[White "BanjoKazooieN64"]
[Black "Margarita2907"]
[Result "1-0"]
[WhiteElo "2355"]
[BlackElo "2203"]
[TimeControl "180+1"]
[EndTime "11:55:33 PDT"]
[Termination "BanjoKazooieN64 won by resignation"]

1. e4 c5 2. d4 cxd4 3. c3 dxc3 4.
Nxc3 d6 5. Nf3 Nf6 6. Bc4 e6 7. O-O Be7 8. Qe2 O-O 9. Rd1 Nbd7 10. Nb5 Nb6 11. e5 Nfd5 12. exd6 Bxd6 13. Bd3 a6 14. Nxd6 Qxd6 15. Ng5 g6 16. Ne4 Qe5 17. Bh6 Rd8 18. Qf3 Nd7 19. Bc4 b5 20. Ng5 Qf6 21. Bxd5 exd5 22.
Qxd5 Rb8 23. Ne4 Qb6 24. Nd6 Ne5 25. Qxe5 1-0

[Event "*** Titled Tuesday Blitz"]
[Site "Chess.com"]
[Date "2020.10.27"]
[Round "10"]
[White "GameOverBro"]
[Black "maxip32"]
[Result "1-0"]
[WhiteElo "2538"]
[BlackElo "2418"]
[TimeControl "180+1"]
[EndTime "11:55:34 PDT"]
[Termination "GameOverBro won on time"]

1. e4 c5 2. Ne2 d6 3. g3 g6 4.
Bg2 Nc6 5. c3 Bg7 6. d4 cxd4 7.
cxd4 Nf6 8. O-O O-O 9. Nbc3 Bd7 10. h3 e5 11. Be3 Re8 12. d5 Nb8 13. Qd2 Nh5 14. Rac1 f5 15. Kh2 Rf8 16. f4 exf4 17.
Nxf4 Nxf4 18. Bxf4 Qf6 19. Rce1 Na6 20. e5 dxe5 21.
Bxe5 Qb6 22. Bxg7 Kxg7 23. Re7+ Rf7 24. Rfe1 Qd6 25. Qd4+ Kg8 26. Qh4 h5 27. Qg5 Rg7 28. Rxg7+ 1-0

[Event "*** Titled Tuesday Blitz"]
[Site "Chess.com"]
[Date "2020.10.27"]
[Round "10"]
[White "ArjunErigaisi2003"]
[Black "Zkid"]
[Result "1-0"]
[WhiteElo "2994"]
[BlackElo "2811"]
[TimeControl "180+1"]
[EndTime "11:55:35 PDT"]
[Termination "ArjunErigaisi2003 won by checkmate"]

1. b3 e5 2. Bb2 Nc6 3. e3 g6 4. Bb5 Nge7 5. f4 Bg7 6. Nf3 a6 7. Bxc6 Nxc6 8. Nxe5 Nxe5 9. Bxe5 Bxe5 10. fxe5 Qh4+ 11.
g3 Qe4 12. O-O Qxe5 13. Nc3 O-O 14. Qf3 d6 15. d4 Qf5 16. Qg2 Qa5 17. Nd5 Be6 18.
Nf6+ Kg7 19. e4 h5 20. d5 Bg4 21. h3 Bc8 22. c4 b5 23. Qb2 Kh6 24. Qc1+ Kg7 25.
Nxh5+ Kh7 26. Nf6+ Kg7 27. Qb2 Kh6 28. g4 Qb6+ 29. Kh2 Qe3 30. h4 g5 31. Rae1 Qd3 32.
Nh5 Rg8 33. Rf6+ Kh7 34. Rxf7+ Kh6 35. Qf6+ Rg6 36. hxg5# 1-0

[Event "*** Titled Tuesday Blitz"]
[Site "Chess.com"]
[Date "2020.10.27"]
[Round "10"]
[White "Kaslask"]
[Black "Kavyev_Ruslan"]
[Result "0-1"]
[WhiteElo "2350"]
[BlackElo "2560"]
[TimeControl "180+1"]
[EndTime "11:55:35 PDT"]
[Termination "Kavyev_Ruslan won by resignation"]

1. d4 Nf6 2. c4 g6 3. Nc3 d5 4. cxd5 Nxd5 5. Bd2 Bg7 6. e4 Nxc3 7. Bxc3 O-O 8. h3 c5 9. d5 e6 10. Bc4 exd5 11. Bxd5 Nd7 12. Nf3 Nf6 13. O-O Nxd5 14. Bxg7 Kxg7 15. exd5 Qd6 16. Re1 Bf5 17. Qd2 Rfe8 18.
Rad1 Rad8 19. Rxe8 Rxe8 20. Rc1 b6 21. a3 Rd8 22.
Rd1 Be4 23. Ng5 Bxd5 24. Qc3+ Kg8 25. Ne4 Bxe4 26. Rxd6 Rxd6 27. Qe3 Re6 28. Qf4 a5 29. Qc7 Kg7 30. f3 Bd3 31. Kh2 c4 32. h4 h5 33.
Kh3 Bf1 34. Kg3 Bd3 35. Kf2 Re2+ 36. Kg3 Re6 37. Kf4 Kg8 38. g4 hxg4 39. fxg4 Re2 40. Kg5 Re6 41. h5 gxh5 42. gxh5 Kg7 43. Qf4 b5 44. Qc7 Ra6 45. Qb7 Rf6 46. Qc7 Rf5+ 47. Kg4 b4 48. axb4 axb4 49. Qc5 Rxc5 50. h6+ Kxh6 0-1

[Event "*** Titled Tuesday Blitz"]
[Site "Chess.com"]
[Date "2020.10.27"]
[Round "10"]
[White "MVM2008"]
[Black "SanchezKelvin"]
[Result "0-1"]
[WhiteElo "2229"]
[BlackElo "2371"]
[TimeControl "180+1"]
[EndTime "11:55:35 PDT"]
[Termination "SanchezKelvin won on time"]

1. d4 Nf6 2. g4 Nxg4 3. e4 d6 4. Nc3 Nf6 5. f4 Bg4 6. Be2 Bxe2 7. Qxe2 e6 8. Be3 d5 9. e5 Nfd7 10.
O-O-O a6 11. f5 Qh4 12. Nf3 Qh5 13. Rde1 Nc6 14. Nxd5 exd5 15. e6 fxe6 16. Bg5 e5 17.
dxe5 Bb4 18. c3 O-O 19. cxb4 Rxf5 20. e6 Nde5 21. e7 Rxf3 22. h4 Nd3+ 23. Kb1 Nxe1 24. Rxe1 Re8 25. b5 Qg6+ 26. Ka1 Nd4 27. Qe5 Nc2+ 28. Kb1 Na3+ 29. Ka1 Qb1+ 0-1

[Event "*** Titled Tuesday Blitz"]
[Site "Chess.com"]
[Date "2020.10.27"]
[Round "10"]
[White "vladislavkovalev"]
[Black "wannabe2700"]
[Result "1-0"]
[WhiteElo "2855"]
[BlackElo "2740"]
[TimeControl "180+1"]
[EndTime "11:55:37 PDT"]
[Termination "vladislavkovalev won on time"]

1. e4 e5 2. Nf3 Nc6 3. Nc3 Nf6 4. h3 d5 5. exd5 Nxd5 6. Bb5 Qd6 7. Qe2 Bd7 8. Bxc6 Bxc6 9. Qxe5+ Qxe5+ 10. Nxe5 Nb4 11.
Nxc6 bxc6 12. Kd1 O-O-O 13. d3 Bc5 14. Be3 Bxe3 15. fxe3 Nd5 16. Nxd5 cxd5 17. Kd2 f6 18. Rhf1 Rhe8 19. b4 Re6 20. Rf3 Rde8 21. a3 c6 22.
Raf1 Kc7 23. g4 Kb6 24. a4 a5 25. Rb1 Ra8 26. b5 c5 27. Rf5 Rd8 28. Re1 Rd7 29. h4 g6 30. Rf4 Rdd6 31. h5 g5 32. Rf5 h6 33. Kc3 Rd7 34. e4 dxe4 35. Rxe4 Rdd6 36. Rxe6 Rxe6 37. Kc4 Rd6 38. c3 1-0

[Event "*** Titled Tuesday Blitz"]
[Site "Chess.com"]
[Date "2020.10.27"]
[Round "10"]
[White "eljanov"]
[Black "Meri-Arabidze"]
[Result "1-0"]
[WhiteElo "2863"]
[BlackElo "2674"]
[TimeControl "180+1"]
[EndTime "11:55:38 PDT"]
[Termination "eljanov won by resignation"]

1. e4 c5 2. Nf3 e6 3. c4 Nc6 4. d4 cxd4 5. Nxd4 Nf6 6. Nc3 Bb4 7. Nxc6 bxc6 8. Bd3 e5 9. O-O O-O 10. Qe2 Qc7 11.
Bg5 Ne8 12. Na4 f6 13. Be3 Be7 14. c5 d5 15. cxd6 Nxd6 16. Rac1 Kh8 17. b3 Be6 18. f3 Bg8 19. Rc2 Qd7 20. Rfc1 Nb5 21. Bc4 Nd4 22. Bxd4 exd4 23. Bxg8 Rxg8 24. Rd1 Rgd8 25.
Nb2 Bb4 26. Qc4 c5 27. Nd3 Rac8 28. Nxb4 cxb4 29. Rxd4 Rxc4 30. Rxd7 Rxd7 31. Rxc4 h6 32. Rc2 Rd1+ 33. Kf2 Kh7 34. Ke2 Rh1 35. h3 Kg6 36.
Kd3 a5 37. Kc4 f5 38. exf5+ Kxf5 39. Kb5 Kf4 40. Kxa5 Kg3 41. Kxb4 Rg1 42. a4 1-0

[Event "*** Titled Tuesday Blitz"]
[Site "Chess.com"]
[Date "2020.10.27"]
[Round "10"]
[White "HanSchut"]
[Black "MIJuanReyesRosa"]
[Result "1-0"]
[WhiteElo "2224"]
[BlackElo "2076"]
[TimeControl "180+1"]
[EndTime "11:55:43 PDT"]
[Termination "HanSchut won on time"]

1. e4 c5 2. Nf3 e6 3. c4 a6 4. Nc3 Qc7 5. Be2 d6 6. d4 cxd4 7. Nxd4 Nf6 8. Be3 b6 9. Rc1 Bb7 10. f3 Be7 11. Qd2 Nbd7 12. O-O O-O 13. Rfd1 Rac8 14. Bf1 Qb8 15. Qf2 Bd8 16. Kh1 Bc7 17. Qg1 Rfe8 18. Bf2 h5 19. b4 Ne5 20. Nb3 Nfd7 21. Na4 Bc6 22. Nc3 Bb7 23. c5 dxc5 24. bxc5 bxc5 25. Nxc5 Nxc5 26. Bxc5 Ng6 27. Na4 Red8 28.
Nb6 Bxb6 29. Bxb6 Rxd1 30. Rxd1 h4 31. h3 Nf4 32. Bf2 g5 33. Rb1 Qc7 34. Be3 Bc6 35.
Rc1 Qe5 36. Bxa6 Rc7 37. Bb6 1-0

[Event "*** Titled Tuesday Blitz"]
[Site "Chess.com"]
[Date "2020.10.27"]
[Round "10"]
[White "korbul"]
[Black "Kobalia"]
[Result "1-0"]
[WhiteElo "2621"]
[BlackElo "2728"]
[TimeControl "180+1"]
[EndTime "11:55:44 PDT"]
[Termination "korbul won by resignation"]

1. e4 c5 2. Nf3 d6 3. d4 cxd4 4. Nxd4 Nf6 5. Nc3 a6 6. Be2 e5 7. Nb3 Be7 8. O-O O-O 9. Be3 Be6 10. f3 b5 11. a4 b4 12. Nd5 Bxd5 13. exd5 a5 14.
c4 bxc3 15. bxc3 Nbd7 16. Bb5 Qc7 17. c4 Nc5 18. Nxc5 dxc5 19. Rb1 Bd6 20. g3 h5 21. Bc6 Rab8 22. Rb5 Qe7 23. Qe2 e4 24. f4 Ng4 25. Rfb1 Nxe3 26. Qxe3 f5 27. Qc3 h4 28.
Rb7 Rxb7 29. Rxb7 Qf6 30. Qxf6 Rxf6 31. Kf2 Rh6 32. Bd7 hxg3+ 33. hxg3 Rh2+ 34. Kg1 Ra2 35. Bxf5 e3 36. Bg4 g5 37. Rd7 Bf8 38. fxg5 Bg7 39.
Be6+ Kf8 40. Rf7+ Ke8 41. Rxg7 Ra1+ 42. Kg2 e2 43. d6 Rg1+ 44. Kf3 1-0

[Event "*** Titled Tuesday Blitz"]
[Site "Chess.com"]
[Date "2020.10.27"]
[Round "10"]
[White "babyking1205"]
[Black "Arseniy_Nesterov"]
[Result "0-1"]
[WhiteElo "2656"]
[BlackElo "2807"]
[TimeControl "180+1"]
[EndTime "11:55:45 PDT"]
[Termination "Arseniy_Nesterov won by checkmate"]

1. e4 e5 2. Nf3 Nc6 3. d4 exd4 4. Nxd4 Bc5 5. Nb3 Bb6 6. Nc3 Nf6 7. Qe2 O-O 8. Bg5 h6 9. Bh4 a5 10. a4 Nd4 11. Qd3 Nxb3 12. cxb3 c6 13. O-O-O d5 14.
e5 g5 15. exf6 gxh4 16. Qf3 Kh8 17. Bd3 Rg8 18. Qf4 Rg5 19. Rhe1 Bg4 20. Re5 Bc7 21. Rde1 Bxe5 22. Rxe5 Qb8 23. Re8+ Qxe8 24. f3 Qe1+ 25. Kc2 Bh5 26. Ne2 Re8 27. Nd4 Qe5 28.
Qxh4 Qxf6 29. Kb1 Qe5 30. Ne2 Rxg2 31. Ka2 Rxe2 32. f4 Qxb2# 0-1

[Event "*** Titled Tuesday Blitz"]
[Site "Chess.com"]
[Date "2020.10.27"]
[Round "10"]
[White "dpopadic"]
[Black "keepitcoming"]
[Result "0-1"]
[WhiteElo "2388"]
[BlackElo "2549"]
[TimeControl "180+1"]
[EndTime "11:55:45 PDT"]
[Termination "keepitcoming won by resignation"]

1. e4 d5 2. exd5 Qxd5 3. Nc3 Qd8 4. d4 Nf6 5. Nf3 Bg4 6. h3 Bxf3 7. Qxf3 c6 8. Be3 e6 9. O-O-O Nbd7 10. g4 Be7 11.
g5 Nd5 12. Nxd5 cxd5 13. h4 Rc8 14. Kb1 Qc7 15. Bd3 Nb6 16. Rc1 Nc4 17. Bxc4 Qxc4 18. h5 Rc6 19. g6 O-O 20. gxh7+ Kh8 21. Rhg1 Ra6 22. b3 Qb4 23. c3 Qa5 24. Qe2 Rc8 25. Qd2 Bf6 26. Bg5 Qd8 27. Bxf6 Qxf6 28. Rg3 Qf5+ 29.
Kb2 b5 30. Rcg1 b4 31. c4 dxc4 32. bxc4 Rxc4 33. Rxg7 Rc2+ 34. Qxc2 Rxa2+ 35. Kxa2 Qxc2+ 36. Ka1 b3 37. Rg8+ Kxh7 38. R8g7+ Kh6 0-1

[Event "*** Titled Tuesday Blitz"]
[Site "Chess.com"]
[Date "2020.10.27"]
[Round "10"]
[White "CMFernandez"]
[Black "WcmDominicToretto"]
[Result "1-0"]
[WhiteElo "2073"]
[BlackElo "1895"]
[TimeControl "180+1"]
[EndTime "11:55:48 PDT"]
[Termination "CMFernandez won by resignation"]

1. d4 d5 2. c4 c6 3. Nf3 Nf6 4. Qc2 Bg4 5. Ne5 Bh5 6. Nc3 e6 7. g3 Bd6 8. Bg2 O-O 9. O-O Nbd7 10. Nxd7 Qxd7 11. e4 dxe4 12. Nxe4 Bg6 13. Nxf6+ gxf6 14. Qe2 Be7 15. Rd1 Qc7 16. b3 Rad8 17. Bb2 Qa5 18. h4 c5 19. h5 Bf5 20. g4 cxd4 21. gxf5 Qxf5 22. Bxd4 e5 23. Be3 Bb4 24. Be4 Qh3 25. Qf3 Qxf3 26. Bxf3 Bc3 27. Rac1 Bb2 28. Rb1 Bc3 29.
Bxa7 Ra8 30. Bc5 Rfc8 31. Bxb7 Rxc5 32. Bxa8 Ra5 33. a4 Rxa8 34. Rd3 Bd4 35. Rbd1 Rb8 36.
h6 Kf8 37. Rb1 Rb4 38. Kf1 Ke7 39. Ke2 Kd6 40. Kf3 Kc5 41. Ke4 Bxf2 42. Rf3 Bh4 43. Rd3 Bg5 44. Rd5+ Kb6 45. Rb5+ Rxb5 46. cxb5 Bxh6 47.
Rh1 Bg5 48. Rxh7 Bf4 49. Rxf7 Bg5 50. Rg7 Ka5 51. Rxg5 Kb4 52. Rxe5 fxe5 53. Kxe5 Kxb3 54. b6 Kxa4 55. b7 1-0

[Event "*** Titled Tuesday Blitz"]
[Site "Chess.com"]
[Date "2020.10.27"]
[Round "10"]
[White "SergeyShtyka"]
[Black "KarstenHansch"]
[Result "0-1"]
[WhiteElo "2347"]
[BlackElo "2485"]
[TimeControl "180+1"]
[EndTime "11:55:50 PDT"]
[Termination "KarstenHansch won on time"]

1. e4 c6 2. Nf3 d5 3. Nc3 Bg4 4. h3 Bxf3 5. Qxf3 e6 6. d3 Bc5 7. g3 Nd7 8. Bg2 Ne7 9. O-O O-O 10. Kh2 f5 11. exd5 exd5 12. Bg5 h6 13. Bxe7 Qxe7 14. Rae1 Qf6 15. Nxd5 cxd5 16. Qxd5+ Qf7 17. Qxb7 Rab8 18. Qc6 Rfc8 19. Qa6 Nf6 20. b3 Bb4 21. Re2 Bc3 22. Qa3 Rc7 23. Qd6 Rb6 24. Qf4 Rc5 25. a3 a5 26. d4 Rcb5 27. a4 Rb4 28. Qxf5 Bxd4 29. Rfe1 Rb8 30. Re7 Qf8 31. Qe6+ Kh8 32. Rf7 Qg8 33.
Bd5 Re8 34. Re7 Qxe6 35. R1xe6 Rxe7 36. Rxe7 Nxd5 37. Rd7 Nc3 38. Rxd4 Rxd4 0-1

[Event "*** Titled Tuesday Blitz"]
[Site "Chess.com"]
[Date "2020.10.27"]
[Round "10"]
[White "kidagent"]
[Black "Ariadna_Atreides"]
[Result "1-0"]
[WhiteElo "2301"]
[BlackElo "2133"]
[TimeControl "180+1"]
[EndTime "11:55:52 PDT"]
[Termination "kidagent won by resignation"]

1. e4 c5 2. Nf3 d6 3. d4 cxd4 4. Nxd4 Nf6 5. Nc3 Nc6 6. Be3 Ng4 7. Nxc6 bxc6 8. Bc1 Qb6 9. Qf3 g6 10. Bd3 Ne5 11. Qe2 Nxd3+ 12. cxd3 Bg7 13. O-O O-O 14. Be3 Qb7 15. f4 Rb8 16. Nd1 Be6 17. a3 Bb3 18. Nc3 d5 19. e5 Rfd8 20. Qf2 a5 21. f5 Bxe5 22. fxg6 fxg6 23. d4 Bf6 24. Qg3 Bc4 25.
Rf2 Rf8 26. Na4 Qa7 27. Nc5 Rf7 28. Re1 Ba6 29. Nxa6 Rb3 30. Nc5 Rb5 31. a4 Rb4 32. Ref1 Qb6 33. Nd7 Qb7 34. Nxf6+ exf6 35. Rxf6 Rxb2 36.
Rxf7 1-0

[Event "*** Titled Tuesday Blitz"]
[Site "Chess.com"]
[Date "2020.10.27"]
[Round "10"]
[White "RobPeresian"]
[Black "Witik"]
[Result "0-1"]
[WhiteElo "2462"]
[BlackElo "2710"]
[TimeControl "180+1"]
[EndTime "11:55:53 PDT"]
[Termination "Witik won by checkmate"]

1. Nf3 d5 2. d4 e6 3. c4 c6 4. Bg5 f6 5. Bc1 Bd6 6. g3 f5 7. Bg2 Nf6 8. O-O O-O 9. b3 Qe7 10. a4 Na6 11. Ba3 b6 12. Bxd6 Qxd6 13. Ne5 Bb7 14. Nd2 c5 15. e3 Nb4 16. a5 Ne4 17. f3 Nc3 18. Qe1 Nc2 19. Qf2 Nxa1 20. Rxa1 cxd4 21. exd4 f4 22. Rc1 Qb4 23. axb6 axb6 24. Nd3 Qa5 25. c5 fxg3 26. hxg3 Ba6 27. Bf1 Ne4 28.
Nxe4 dxe4 29. Nf4 Bxf1 30. Qxf1 bxc5 31. Rxc5 Qd2 32. Nxe6 Rxf3 33. Qc4 Qe1+ 34. Kg2 Rxg3+ 35. Kh2 Qg1# 0-1

[Event "*** Titled Tuesday Blitz"]
[Site "Chess.com"]
[Date "2020.10.27"]
[Round "10"]
[White "guillembaches"]
[Black "MarkoPe"]
[Result "1-0"]
[WhiteElo "2399"]
[BlackElo "2218"]
[TimeControl "180+1"]
[EndTime "11:55:53 PDT"]
[Termination "guillembaches won by resignation"]

1. e4 c6 2. d4 d5 3. exd5 cxd5 4. Bd3 Nc6 5. c3 Nf6 6. h3 g6 7. Nf3 Bf5 8. Be2 Qc7 9. O-O Bg7 10. Be3 O-O 11. Nbd2 a6 12. Re1 b5 13. a3 Na5 14.
Qc1 Nc4 15. Nxc4 bxc4 16. Bf4 Qb7 17. Bf1 Ne4 18. Nd2 Rfe8 19. Nxe4 Bxe4 20. f3 Bf5 21. g4 Be6 22. Re2 Ra7 23. Bh6 Qc6 24. Qf4 Rb7 25.
Rae1 Reb8 26. Bxg7 Kxg7 27. Qe5+ Kg8 28. f4 a5 29. Bg2 Qd6 30. f5 Qxe5 31. Rxe5 gxf5 32. gxf5 Bc8 33. Bxd5 Rxb2 34. Rxe7 Rc2 35. Rxf7 Ba6 36. Rb7+ 1-0

[Event "*** Titled Tuesday Blitz"]
[Site "Chess.com"]
[Date "2020.10.27"]
[Round "10"]
[White "WildTricks"]
[Black "Zhani-Z"]
[Result "0-1"]
[WhiteElo "2406"]
[BlackElo "2537"]
[TimeControl "180+1"]
[EndTime "11:55:57 PDT"]
[Termination "Zhani-Z won on time"]

1. Nf3 d5 2. g3 c6 3. Bg2 Bg4 4. c4 e6 5. cxd5 Bxf3 6. Bxf3 cxd5 7.
O-O Nc6 8. d4 Nf6 9. Nc3 Be7 10.
e3 O-O 11. Qe2 Rc8 12. Bd2 a6 13. Rfd1 b5 14. Be1 Nd7 15. Bg2 Nb6 16. f3 Nc4 17.
Bf2 Qa5 18. e4 b4 19. Nb1 Rfd8 20. b3 Na3 21. Nxa3 bxa3 22. Rac1 Nb4 23. Qd2 h6 24. Be1 Qb6 25. Bf2 dxe4 26. fxe4 Bg5 27. Be3 Bxe3+ 28. Qxe3 Rxc1 29. Rxc1 Qxd4 30. Qxd4 Rxd4 0-1

[Event "*** Titled Tuesday Blitz"]
[Site "Chess.com"]
[Date "2020.10.27"]
[Round "10"]
[White "FloMaster111"]
[Black "MattyDPerrine"]
[Result "0-1"]
[WhiteElo "2615"]
[BlackElo "2501"]
[TimeControl "180+1"]
[EndTime "11:56:00 PDT"]
[Termination "MattyDPerrine won by resignation"]

1. e4 c5 2. c3 Nf6 3. e5 Nd5 4. d4 cxd4 5. Nf3 e6 6. cxd4 d6 7. Bc4 Qc7 8. Nbd2 Nf4 9. exd6 Bxd6 10. O-O O-O 11. g3 Nd5 12. Bd3 b6 13. Ne4 Be7 14. Bg5 Bb7 15. Rc1 Qd8 16. Bxe7 Qxe7 17. Bb1 Nd7 18.
Qd3 Nb4 19. Qa3 Rfc8 20. Ne5 a5 21. Qe3 Nf6 22. Nxf6+ Qxf6 23. a3 Nd5 24. Qd3 g6 25. f4 Qe7 26. Ng4 Qd8 27. f5 Ba6 28. Qf3 Bxf1 29. Rxf1 exf5 30. Nh6+ Kg7 31. Nxf5+ gxf5 32. Qxf5 Nf6 33. Qg5+ Kh8 34. Rxf6 Qxd4+ 35. Kg2 Qxb2+ 36. Kh3 Qxb1 37. Rxf7 Qg6 38. Qe5+ Kg8 39. Qg7+ Qxg7 0-1

[Event "*** Titled Tuesday Blitz"]
[Site "Chess.com"]
[Date "2020.10.27"]
[Round "10"]
[White "CM_rui"]
[Black "AniJak"]
[Result "1/2-1/2"]
[WhiteElo "2360"]
[BlackElo "2285"]
[TimeControl "180+1"]
[EndTime "11:56:00 PDT"]
[Termination "Game drawn by repetition"]

1. e4 c6 2. d4 d5 3. Nc3 dxe4 4. Nxe4 Nf6 5. Nxf6+ gxf6 6. Nf3 Bg4 7. Be2 e6 8.
Bf4 Bd6 9. Qd2 Qc7 10. Bxd6 Qxd6 11. O-O-O Nd7 12. h3 Bxf3 13. Bxf3 O-O-O 14. Kb1 Kb8 15. Rhe1 Nb6 16. b3 Qa3 17. c4 f5 18. Bh5 Rd7 19.
Qf4+ Kc8 20. Qe5 Rhd8 21. Bf3 Qb4 22. Kc2 Rxd4 23. Rxd4 Rxd4 24. Qxd4 Qxe1 25. Bh5 f6 26. Qxf6 Qxf2+ 27. Kb1 Qe1+ 28. Kb2 Nd7 29. Qh8+ Kc7 30. Qxh7 Qd2+ 31. Kb1 Qe1+ 32. Kc2 Qf2+ 33. Kc3 Qg3+ 34. Kb4 Qe1+ 35. Ka4 b5+ 36. cxb5 cxb5+ 37. Kxb5 Qe5+ 38. Kc4 Kd6 39. Bf3 Nb6+ 40. Kd3 Qb5+ 41. Kc2 Qc5+ 42. Kd3 Qb5+ 43. Kc2 Qc5+ 44. Kd3 Qb5+ 1/2-1/2

[Event "*** Titled Tuesday Blitz"]
[Site "Chess.com"]
[Date "2020.10.27"]
[Round "10"]
[White "Manukyan_Artak"]
[Black "LuisFSiles"]
[Result "1-0"]
[WhiteElo "2407"]
[BlackElo "2287"]
[TimeControl "180+1"]
[EndTime "11:56:01 PDT"]
[Termination "Manukyan_Artak won by resignation"]

1. e4 e5 2. Nf3 Nc6 3. d4 exd4 4. Nxd4 g6 5. Nxc6 bxc6 6. Qd4 Qf6 7. e5 Qe7 8. f4 Bg7 9. Nd2 Nh6 10. Nf3 O-O 11.
Bd3 d6 12. O-O c5 13. Qf2 Bf5 14. Bxf5 Nxf5 15. Re1 Qd7 16. Bd2 Qb5 17. Bc3 d5 18. b3 d4 19. Bb2 Rfe8 20. c4 Qc6 21. Re2 a5 22. a4 Rab8 23. Nd2 f6 24. exf6 Bxf6 25.
Rae1 Re3 26. Bc1 Bh4 27. g3 Nxg3 28. hxg3 Rxg3+ 29. Kh2 Rg4 30. Qf3 Qd7 31. Re7 Qf5 32. Qd5+ Qxd5 33. cxd5 1-0

[Event "*** Titled Tuesday Blitz"]
[Site "Chess.com"]
[Date "2020.10.27"]
[Round "10"]
[White "Gerodot71"]
[Black "Volodar_Murzin"]
[Result "1-0"]
[WhiteElo "2493"]
[BlackElo "2602"]
[TimeControl "180+1"]
[EndTime "11:56:02 PDT"]
[Termination "Gerodot71 won on time"]

1. d4 Nf6 2. c4 g6 3. Nc3 Bg7 4. e4 d6 5. Be2 O-O 6. Be3 e5 7. d5 Nbd7 8. g4 Nc5 9. f3 a5 10. h4 h5 11. g5 Nh7 12. Nh3 f5 13. Qd2 fxe4 14. fxe4 Bd7 15. O-O-O b6 16. Nf2 Qe7 17. Nd3 a4 18. Rdf1 Kh8 19. Qe1 a3 20. b4 Nxd3+ 21.
Bxd3 Rf4 22. Ne2 Rxf1 23. Rxf1 Rf8 24. Rxf8+ Nxf8 25. Qf2 Kg8 26. Nc3 Qd8 27. Kc2 Qa8 28. Kb3 c5 29. dxc6 Bxc6 30. Bxb6 Ne6 31. b5 Bb7 32.
Nd5 Qe8 33. Nc7 Nxc7 34. Bxc7 Qd7 35. Qb6 Bc8 36. Qxd6 Qh3 37. b6 Qg3 38. c5 1-0

[Event "*** Titled Tuesday Blitz"]
[Site "Chess.com"]
[Date "2020.10.27"]
[Round "10"]
[White "wonderfultime"]
[Black "OK97"]
[Result "1-0"]
[WhiteElo "2931"]
[BlackElo "2799"]
[TimeControl "180+1"]
[EndTime "11:56:03 PDT"]
[Termination "wonderfultime won by resignation"]

1. d4 Nf6 2. Nf3 c5 3. c3 d5 4.
Bf4 Nc6 5. e3 e6 6. Nbd2 cxd4 7.
exd4 Nh5 8. Bg3 Be7 9. Bd3 Nxg3 10. hxg3 h6 11. Qe2 Qb6 12. Nf1 Bd7 13. Ne3 O-O-O 14.
b4 Kb8 15. a4 Qc7 16. O-O h5 17. b5 Na5 18. Nxd5 exd5 19. Qxe7 Qxc3 20. Ne5 Be6 21. Rac1 Qxd4 22. Qc7+ Ka8 23. Qxa5 Qxe5 24. b6 Qb8 25. Rc7 Rd6 26. Qc5 Rhd8 27. a5 d4 28. Rb1 Rd5 29.
bxa7 Qxa7 30. Qxa7+ Kxa7 31. Rbxb7+ Ka8 32. Ra7+ Kb8 33. Rcb7+ Kc8 34. a6 1-0